 Dungeon Crawl Stone Soup version 0.17-a0-1635-gd4e48f1 (webtiles) character file.

43 hexophile the Poker (level 3, 0/29 HPs)
             Began as a Mummy Abyssal Knight on July 15, 2015.
             Was a Follower of Lugonu.
             Slain by an adder (2 damage)
             ... on level 2 of the Dungeon on Aug 4, 2015.
             The game lasted 00:02:59 (2345 turns).

hexophile the Poker (Mummy Abyssal Knight)          Turns: 2345, Time: 00:02:59

Health: 0/29       AC:  3    Str: 15    XL:     3   Next: 37%
Magic:  4/4        EV: 11    Int: 12    God:    Lugonu [*.....]
Gold:   40         SH:  0    Dex: 11    Spells: 0 memorised, 2 levels left

rFire  x . .     SeeInvis .     a - +3 spear
rCold  + . .     Clarity  .     b - +0 leather armour
rNeg   + + +     SustAt   .     (no shield)
rPois  ∞         Gourm    .     (no helmet)
rElec  .         Spirit   .     (no cloak)
rCorr  .         Warding  .     (no gloves)
rMut   .         Stasis   .     (no boots)
MR     .....                    (no amulet)
Stlth  +.........               (no ring)
                                (no ring)

@: not resistant to hostile enchantments, very unstealthy
A: no food or potions, fire vulnerability, cold resistance 1, negative energy
resistance 3, torment resistance, unbreathing
a: Depart the Abyss, Renounce Religion


You were on level 2 of the Dungeon.
You worshipped Lugonu.
Lugonu was aware of your devotion.
You were not hungry.

You visited 1 branch of the dungeon, and saw 2 of its levels.
You visited the Abyss 1 time.

You collected 40 gold pieces.

Inventory:

Hand weapons
 a - a +3 spear (weapon)
 l - a +0 hand axe of distortion
Missiles
 m - 4 poisoned needles
Armour
 b - a +0 leather armour (worn)
 d - a +0 pair of gloves
 g - a +0 helmet
Scrolls
 j - a scroll of magic mapping {unknown}
 k - a scroll of blinking {unknown}


   Skills:
 - Level 3.0 Fighting
 + Level 3.1 Polearms
 - Level 1.5 Armour
 - Level 0.7 Dodging
 - Level 1.5 Invocations


You had 2 spell levels left.
You didn't know any spells.

Dungeon Overview and Level Annotations

Branches:
Dungeon (2/15)

Altars:


Innate Abilities, Weirdness & Mutations

You do not eat or drink.
Your flesh is vulnerable to fire.
You are immune to poison.
Your flesh is cold resistant.
You are immune to negative energy.
You are immune to unholy pain and torment.
You can survive without breathing.


Message History

The adder barely misses you.
Unknown command.
You can't drink.
Read which item? (? for menu, Esc to quit)
As you read the scroll labeled GARCHE VUEGYO, it crumbles to dust.
The scroll dissolves into smoke.
It was a scroll of fog.
The worm bites you.
* * * LOW HITPOINT WARNING * * *
The adder closely misses you.
Unknown command.
What do you say? t - Shout!
Orders for allies: a - Attack new target. r - Retreat! s - Stop attacking. w - Wait here. f - Follow me.
Anything else - Stay silent.
Okay, then.
You puncture the worm!
The worm is heavily wounded.
The adder bites you.
You die...

## ## . #####
... ##. .... ...
.... #..
....##.. .....
##<
#....§§###§.....
#.
..##rS@w§.....
#. ##
#.##r####.####
#. ##.!###.#g.#
#.# #.
........!.## #.#
#. .....r....##
#.# #.
.......(...# #.#
#. ........^..#
#.# #.
........K..# #
#.# #.
...........# #.
##.####.


You could see a worm, an adder and 2 rats.

Vanquished Creatures
  An adder (D:2)
  2 giant cockroaches (D:1)
  3 hobgoblins (D:1)
  4 kobolds
  A quokka (D:2)
  5 bats (D:1)
  A giant newt (D:1)
  6 goblins
  9 rats (D:1)
32 creatures vanquished.

Notes
Turn   | Place    | Note
--------------------------------------------------------------
     0 | Abyss:1  | hexophile the Mummy Abyssal Knight began the quest for the Orb.
     0 | Abyss:1  | Reached XP level 1. HP: 18/18 MP: 2/2
    41 | Abyss:1  | Noticed a blink frog
    46 | Abyss:1  | Noticed a death drake
   452 | Abyss:1  | Noticed a shadow dragon skeleton
   627 | Abyss:1  | Noticed a small abomination
   632 | Abyss:1  | Noticed an ancient zyme
   642 | Abyss:1  | Noticed an iron imp
   661 | D:1      | Escaped the Abyss
   880 | D:1      | Acquired Lugonu's first power
  1307 | D:1      | Reached XP level 2. HP: 24/24 MP: 3/3
  1849 | D:1      | Reached XP level 3. HP: 29/29 MP: 4/4
  2295 | D:2      | Upgraded the game from 0.17-a0-1528-gfee3901 to 0.17-a0-1575-g9a29ec8
  2303 | D:2      | Upgraded the game from 0.17-a0-1575-g9a29ec8 to 0.17-a0-1635-gd4e48f1
  2345 | D:2      | Slain by an adder

Vault maps used:
D:1:      dpeg_arrival_prison, st_stairs_10, serial_park_tiny_2
D:2:      minmay_goblin_kobold_house

Action                   || total
-------------------------++-------
Melee: Spear             ||   129
Invok: Depart the Abyss  ||     1
  Use: Scroll            ||     6
 Stab: Sleeping          ||     2
